 Dungeon Crawl Stone Soup version 0.24-a0-652-g46ecf6d (webtiles) character file.

Game seed: 16485812357446883049, levelgen mode: deterministic

16415 JeffiDaFish the Thaumaturge (level 12, -1/91 HPs)
             Began as a Pale Draconian Conjurer on Sept 26, 2019.
             Was a Priest of Sif Muna.
             Slain by a blink frog (8 damage)
             ... on level 4 of the Lair of Beasts.
             The game lasted 00:45:41 (17940 turns).

JeffiDaFish the Thaumaturge (DrCj)                 Turns: 17940, Time: 00:45:41

Health: -1/91      AC: 13    Str: 13    XL:     12   Next: 9%
Magic:  5/29       EV: 14    Int: 21    God:    Sif Muna [***...]
Gold:   793        SH:  0    Dex: 11    Spells: 24/38 levels left

rFire    + . .     SeeInvis .   a - +3 dagger (protect)
rCold    . . .     Gourm    .   (no shield)
rNeg     . . .     Faith    .   (armour unavailable)
rPois    +         Spirit   .   p - +1 hat
rElec    .         Reflect  .   (no cloak)
rCorr    .         Harm     .   h - +0 pair of gloves (curse)
MR       .....                  g - +1 pair of boots
Stlth    +.........             i - amulet of magic regeneration
HPRegen  0.25/turn              c - ring of poison resistance
MPRegen  0.46/turn              q - +2 ring of evasion

@: very slightly contaminated, very slow
A: breathe steam, unfitting armour, stinger 1, clever 1, fire resistance 1,
shaggy fur 1, cold-blooded, AC +8
a: Breathe Steam, Channel Magic, Forget Spell, Renounce Religion


You were on level 4 of the Lair of Beasts.
You worshipped Sif Muna.
Sif Muna was most pleased with you.
You were not hungry.

You visited 3 branches of the dungeon, and saw 16 of its levels.

You collected 793 gold pieces.

Inventory:

Hand Weapons
 a - a +3 dagger of protection (weapon)
Armour
 g - a +1 pair of boots (worn)
 h - a cursed +0 pair of gloves (worn)
 p - a +1 hat (worn)
Jewellery
 c - a ring of poison resistance (left hand)
 d - a +2 ring of strength
 i - an amulet of magic regeneration (around neck)
 q - a +2 ring of evasion (right hand)
Wands
 e - a wand of polymorph (11)
 w - a wand of acid (16)
 x - a wand of paralysis (14)
 y - a wand of iceblast (8)
Scrolls
 j - 5 scrolls of remove curse
 k - 5 scrolls of identify
 l - 2 scrolls of fear
 m - 5 scrolls of amnesia
 s - 4 scrolls of enchant armour
 u - 6 scrolls of teleportation
 v - a scroll of magic mapping
 z - a scroll of fog
Potions
 f - 4 potions of agility
 n - a potion of mutation
 o - a potion of curing
 r - 2 potions of brilliance
 t - a potion of haste
 B - a potion of might
Comestibles
 b - 20 rations
 A - 4 chunks of flesh


   Skills:
 - Level 4.1 Fighting
 - Level 1.7 Dodging
 - Level 1.7 Stealth
 * Level 13.6 Spellcasting
 + Level 12.6 Conjurations


You had 24 spell levels left.
You knew the following spells:

 Your Spells              Type           Power        Failure   Level  Hunger
a - Magic Dart            Conj           ####         1%          1    None
b - Searing Ray           Conj           ######       1%          2    None
c - Dazzling Spray        Conj/Hex       #####.       1%          3    None
d - Iskenderun's Mystic   Conj           ######..     1%          4    None
e - Force Lance           Conj/Tloc      #####...     3%          4    None

Your spell library contained the following spells:

 Spells                   Type           Power        Failure   Level  Hunger
 Throw Frost              Conj/Ice       #####.       1%          2    None
 Fulminant Prism          Conj/Hex       #####.....   3%          4    None
 Throw Icicle             Conj/Ice       #####...     3%          4    None
 Beastly Appendage        Tmut           ##....       4%          1    None
 Freeze                   Ice            ##..         4%          1    None
 Infusion                 Chrm           ##..         4%          1    None
 Shroud of Golubria       Chrm/Tloc      ##....       7%          2    None
 Song of Slaying          Chrm           ##......     7%          2    None
 Sticks to Snakes         Tmut           ##......     7%          2    None
 Ozocubu's Armour         Chrm/Ice       ##......     14%         3    None
 Regeneration             Chrm/Necr      ##........   14%         3    None
 Spectral Weapon          Hex/Chrm       ##......     14%         3    None
 Spider Form              Tmut/Pois      ##........   14%         3    None
 Cause Fear               Hex            ##........   41%         4    None
 Ice Form                 Ice/Tmut       ##......     41%         4    None
 Summon Ice Beast         Ice/Summ       ##......     41%         4    None
 Blade Hands              Tmut           ##........   77%         5    ###....
 Silence                  Hex/Air        ##........   77%         5    ###....
 Yara's Violent Unravell  Hex/Tmut       ##........   77%         5    ###....
 Deflect Missiles         Chrm/Air       ##........   100%        6    #####..
 Discord                  Hex            ##........   100%        8    #######


Dungeon Overview and Level Annotations

Branches:
Dungeon (11/15)            Temple (1/1) D:7            Lair (4/6) D:11
 Shoals (0/4) Lair:3       Spider (0/4) Lair:2
    Orc: D:9-12

Altars:
Ashenzari
Cheibriados
Dithmenos
Elyvilon
Fedhas
Gozag
Hepliaklqana
Kikubaaqudgha
Makhleb
Nemelex Xobeh
Okawaru
Qazlal
Ru
Sif Muna
Trog
Uskayaw
Vehumet
Wu Jian
Xom
Yredelemnul
Zin
The Shining One

Shops:
D:7 %


Innate Abilities, Weirdness & Mutations

You can breathe blasts of scalding, opaque steam.
Your pale cyan-grey scales are hard. (AC +8)
You cannot fit into any form of body armour.
You are cold-blooded and may be slowed by cold attacks.
Your tail ends in a poisonous barb.
Your mind is acute. (Int +2)
Your flesh is heat resistant. (rF+)
You are covered in fur. (AC +1)


Message History

Casting: Force Lance (safe; 3% risk of failure)
Confirm with . or Enter, or press ? or * to list all spells.
Aiming: Dazzling Spray (safe; 1% risk of failure)
Press: ? - help, Shift-Dir - straight line, f/p - blink frog
Aim: a blink frog (heavily wounded)
You miscast Dazzling Spray.
You are very lightly contaminated with residual magic.
Nothing appears to happen.
The blink frog closely misses you.
The blink frog hits you but does no damage.
The blink frog blinks!
The blink frog closely misses you. The blink frog hits you.
* * * LOW HITPOINT WARNING * * *
The blink frog blinks!
You enter the shallow water.
Moving in this stuff is going to be slow.
The blink frog blinks!
The blink frog hits you!
* * * LOW HITPOINT WARNING * * *
The blink frog hits you!
You die...

........^.......≈≈≈≈≈≈≈....
......F.......≈≈≈≈≈≈≈≈≈....
.....#.#####..≈≈≈≈≈≈≈≈≈...#
.....### ###.≈≈≈≈.≈≈≈≈≈.##
..F..# ####..≈≈≈≈≈<.≈≈≈≈.#
.....###.....≈≈≈≈...≈≈≈..#
....§P##......≈≈≈≈≈≈≈≈≈..#
.....###.......≈≈≈F≈≈≈≈...#
.....# #.+##.#..@≈≈≈≈...+#.
.....###..#####.F.≈.......
.......#..###.#F..........
...........FF.§...........
........................
........................
.....##..##..##.........
....#.######.##....##.P.
.... # ###......#.#


You could see 3 blink frogs.

Vanquished Creatures
  A hydra (Lair:3)
  Psyche (D:8)
  2 rime drakes
  9 spiny frogs
  4 komodo dragons
  A jumping spider (Lair:2)
  2 trolls (D:10)
  A hornet (D:8)
  A polar bear (Lair:4)
  5 hippogriffs
  5 yaks (D:11)
  A wyvern (Lair:2)
  Eustachio (D:4)
  6 basilisks
  A hungry ghost (D:8)
  6 water moccasins
  8 porcupines
  Duvessa (D:4)
  A black bear (D:5)
  2 orc warriors
  3 sky beasts
  A hornet zombie (D:8)
  An ice beast (D:7)
  2 centaurs
  An ogre (D:10)
  A phantom (D:6)
  10 wolves (Lair:3)
  5 crocodiles
  13 bullfrogs
  Dowan (D:4)
  A gnoll sergeant (D:6)
  6 scorpions
  3 wights (D:8)
  3 howler monkeys (D:8)
  5 crimson imps
  A quasit (D:6)
  8 orc priests
  2 bullfrog zombies
  2 centaur zombies
  5 hounds
  4 jellies
  A bullfrog skeleton (D:7)
  6 iguanas
  Ijyb (D:3)
  8 orc wizards
  5 worker ants
  2 hound zombies
  3 hound skeletons
  A worker ant zombie (D:5)
  4 gnolls (D:6)
  10 adders
  3 shadow imps
  6 oozes
  An adder zombie (D:3)
  2 dart slugs
  6 worms
  5 leopard geckos
  25 orcs
  3 bats
  8 giant cockroaches
  8 hobgoblins
  11 jackals
  11 kobolds
  4 quokkas
  A ball python (D:1)
  4 frilled lizards
  9 goblins
  A jackal skeleton (D:6)
  A leopard gecko skeleton (D:5)
  A leopard gecko zombie (D:8)
  A quokka skeleton (D:7)
  A quokka zombie (D:5)
  7 rats
297 creatures vanquished.

Vanquished Creatures (others)
  3 fungi (D:11)
  6 plants
9 creatures vanquished.

Grand Total: 306 creatures vanquished

Notes
Turn   | Place    | Note
-------+----------+-------------------------------------------
     0 | D:1      | JeffiDaFish the Draconian Conjurer began the quest for the
                  | Orb.
     0 | D:1      | Reached XP level 1. HP: 14/14 MP: 3/3
   334 | D:1      | Reached XP level 2. HP: 22/22 MP: 3/5
   528 | D:1      | Reached skill level 1 in Fighting
   568 | D:1      | Learned a level 2 spell: Searing Ray
   629 | D:1      | Reached XP level 3. HP: 14/28 MP: 2/6
  1952 | D:2      | Reached XP level 4. HP: 35/35 MP: 1/7
  2021 | D:2      | Found a glowing silver altar of Zin.
  2021 | D:2      | Noticed an angel
  2235 | D:2      | Learned a level 3 spell: Dazzling Spray
  2281 | D:3      | Reached skill level 5 in Conjurations
  2619 | D:3      | Noticed Ijyb
  2654 | D:3      | Killed Ijyb
  2654 | D:3      | Reached skill level 3 in Spellcasting
  2654 | D:3      | Reached XP level 5. HP: 37/41 MP: 1/9
  3379 | D:4      | Noticed Dowan
  3548 | D:4      | Reached XP level 6. HP: 41/50 MP: 7/10
  3649 | D:4      | Noticed Duvessa
  3668 | D:4      | Noticed Eustachio
  3976 | D:4      | Killed Eustachio
  4020 | D:4      | Learned a level 4 spell: Iskenderun's Mystic Blast
  4072 | D:4      | Your scales start taking on a pale cyan-grey colour.
  4072 | D:4      | Reached XP level 7. HP: 57/58 MP: 9/12
  4312 | D:4      | Reached skill level 4 in Spellcasting
  4382 | D:4      | Killed Duvessa
  4402 | D:4      | Killed Dowan
  4896 | D:5      | Entered Level 5 of the Dungeon
  5338 | D:5      | Reached XP level 8. HP: 28/66 MP: 7/15
  5581 | D:5      | Gained mutation: Your flesh is heat resistant. (rF+)
                  | [potion of mutation]
  5581 | D:5      | Gained mutation: Your mind is acute. (Int +2) [potion of
                  | mutation]
  5581 | D:5      | Gained mutation: You are covered in fur. (AC +1) [potion of
                  | mutation]
  5581 | D:5      | Gained mutation: Your tail ends in a poisonous barb.
                  | [potion of mutation]
  5677 | D:5      | Found an opulent altar of Gozag.
  5893 | D:6      | Reached skill level 5 in Spellcasting
  6378 | D:5      | Reached skill level 6 in Spellcasting
  6985 | D:6      | Reached skill level 7 in Spellcasting
  7830 | D:7      | Reached XP level 9. HP: 63/71 MP: 16/19
  7922 | D:7      | Found Gioguf's Food Emporium.
  8119 | D:7      | Found a staircase to the Ecumenical Temple.
  8128 | Temple   | Entered the Ecumenical Temple
  8236 | Temple   | Became a worshipper of Sif Muna the Loreminder
  9090 | D:8      | Noticed Psyche
  9096 | D:8      | Killed Psyche
  9096 | D:8      | Reached skill level 8 in Spellcasting
  9360 | D:8      | Reached skill level 9 in Spellcasting
  9651 | D:8      | Reached * piety under Sif Muna
  9651 | D:8      | Reached skill level 10 in Conjurations
  9944 | D:8      | Paralysed by a hornet for 2 turns
  9950 | D:8      | Reached XP level 10. HP: 36/78 MP: 5/23
 10176 | D:8      | Learned a level 4 spell: Force Lance
 10586 | D:9      | Identified a scroll of acquirement
 11123 | D:10     | Entered Level 10 of the Dungeon
 11186 | D:10     | Reached skill level 10 in Spellcasting
 12288 | D:11     | Reached ** piety under Sif Muna
 12416 | D:11     | Found a staircase to the Lair.
 12435 | D:11     | Reached skill level 11 in Spellcasting
 13014 | D:11     | Noticed a gargoyle
 13048 | Lair:1   | Entered Level 1 of the Lair of Beasts
 13585 | Lair:1   | Reached XP level 11. HP: 77/84 MP: 19/26
 14298 | Lair:2   | Reached skill level 12 in Spellcasting
 14369 | Lair:2   | Found a hole to the Spider Nest.
 16009 | Lair:3   | Found a staircase to the Shoals.
 16175 | Lair:3   | Noticed a seven-headed hydra
 16181 | Lair:3   | Killed a seven-headed hydra
 16537 | Lair:3   | Reached skill level 13 in Spellcasting
 16714 | Lair:3   | Reached *** piety under Sif Muna
 17288 | Lair:3   | Reached XP level 12. HP: 62/91 MP: 11/29
 17940 | Lair:4   | Slain by a blink frog

Levels and vault maps discovered:
D:1:      dpeg_arrival_rooms_c, layout_rooms
D:2:      layout_loops_corners, zin_angel, first_ration
D:3:      layout_basic, uniq_ijyb
D:4:      layout_basic, minmay_vboxes, uniq_duvessa, uniq_eustachio
D:5:      layout_loops_cross, nicolae_gozag_cash_rules_everything_around_me
D:6:      layout_layer_cave
D:7:      layout_basic, temple_fountains, serial_shops, shop
D:8:      layout_basic, hangedman_little_slice_of_home, uniq_psyche
D:9:      layout_loops_corners
D:10:     layout_loops_ring
D:11:     layout_roguey, minmay_lair_entry_grove, lemuel_centaur_altar
Temple:   kilobyte_greek_temple
Lair:1:   layout_misc_corridors
Lair:2:   layout_regular_city, spider_nest_entry_rubble,
          infiniplex_staircase_pool
Lair:3:   beast_lair_carwin_large_2, layout_small_grid, shoals_dummy_entry,
          serial_rivers, chequers_serial_rivers_room_a,
          chequers_serial_rivers_micro_d, chequers_serial_rivers_large_a,
          chequers_serial_rivers_micro_d
Lair:4:   layout_regular_city, grunt_megastairs_4, lemuel_fruit_tree,
          infiniplex_staircase_pool_2

Skill      XL: |  1  2  3  4  5  6  7  8  9 10 11 |
---------------+----------------------------------+-----
Fighting       | 1 2 3 4 |  4.1
Conjurations   | 5 6 7 9 10 11 12 | 12.6
Spellcasting   | 3 4 7 9 11 13 | 13.6
Dodging        | |  1.7
Stealth        | |  1.7

Action                   |  1- 3 |  4- 6 |  7- 9 | 10-12 || total
-------------------------+-------+-------+-------+-------++-------
Melee: Unarmed           |     7 |       |       |       ||     7
       Tailslap          |    15 |    15 |    33 |    17 ||    80
       Dagger            |   135 |   141 |   282 |   157 ||   715
 Cast: Magic Dart        |    45 |    61 |    61 |    81 ||   248
       Searing Ray       |     2 |     9 |    54 |    84 ||   149
       Dazzling Spray    |       |     6 |    29 |    21 ||    56
       Iskenderun's Myst |       |       |    22 |    54 ||    76
       Force Lance       |       |       |       |    28 ||    28
  Use: Scroll            |     4 |     3 |     2 |    12 ||    21
       Potion            |     4 |     2 |     8 |     5 ||    19
 Stab: Distracted        |       |     1 |     1 |       ||     2
       Sleeping          |       |       |     5 |     1 ||     6
       Invisible         |       |       |     2 |     1 ||     3
  Eat: Chunk             |     4 |     8 |    12 |    18 ||    42
       Ration            |       |       |     3 |     2 ||     5
Armor: Skin              |    48 |    90 |   166 |   158 ||   462
Dodge: Dodged            |    75 |   142 |   254 |   242 ||   713

Table legend:
 A = Non-vault XP
 B = Vault XP
 C = Vault XP percentage of total XP
 D = Non-vault monster count
 E = Vault monster count
 F = Vault count percentage of total count
                 A         B        C        D         E       F
            +---------+---------+-------+---------+---------+-------
      Total |   18446 |    5005 |  21.3 |     263 |      34 |  11.4
            +---------+---------+-------+---------+---------+-------
        D:1 |      49 |       0 |   0.0 |      26 |       0 |   0.0
        D:2 |      52 |       0 |   0.0 |      16 |       0 |   0.0
        D:3 |     100 |      36 |  26.5 |      21 |       1 |   4.5
        D:4 |     431 |     424 |  49.6 |      20 |       3 |  13.0
        D:5 |     575 |       0 |   0.0 |      18 |       0 |   0.0
        D:6 |    1099 |       0 |   0.0 |      32 |       0 |   0.0
        D:7 |     446 |       0 |   0.0 |      15 |       0 |   0.0
        D:8 |    1798 |     588 |  24.6 |      28 |       9 |  24.3
        D:9 |     607 |       0 |   0.0 |      14 |       0 |   0.0
       D:10 |    2005 |       0 |   0.0 |      16 |       0 |   0.0
       D:11 |     356 |    1719 |  82.8 |       7 |      12 |  63.2
     Lair:1 |    1748 |       0 |   0.0 |      10 |       0 |   0.0
     Lair:2 |    3116 |     329 |   9.6 |      12 |       1 |   7.7
     Lair:3 |    4938 |    1501 |  23.3 |      24 |       6 |  20.0
     Lair:4 |    1126 |     408 |  26.6 |       4 |       2 |  33.3
            +---------+---------+-------+---------+---------+-------
